 Dungeon Crawl Stone Soup version 0.30.1-6-gbe392663c4 (webtiles) character file.

Game seed: 9331884068761109382

43 Kurtz the Chopper (level 3, 0/23 HPs)
             Began as a Tengu Fighter on Sept 20, 2023.
             Killed from afar by Sigmund (19 damage)
             ... with a bolt of light
             ... on level 2 of the Dungeon.
             The game lasted 00:00:39 (953 turns).

Kurtz the Chopper (Tengu Fighter)                    Turns: 953, Time: 00:00:39

Health: 0/23       AC: 11    Str: 18    XL:     3   Next: 58%
Magic:  4/4        EV:  5    Int:  8    God:
Gold:   54         SH:  0    Dex: 13    Spells: 2/2 levels left

rFire   . . .        a - +0 war axe
rCold   . . .        c - +0 buckler
rNeg    . . .        i - +0 plate armour
rPois   .            (helmet restricted)
rElec   .            (no cloak)
rCorr   .            (no gloves)
SInv    .            (boots unavailable)
Will    .....        (no amulet) Stlth
                     (no ring)
HPRegen 0.23/turn    (no ring)
MPRegen 0.09/turn

%: no passive effects
@: confused
A: beak, talons 3
a: no special abilities


You were on level 2 of the Dungeon.
You visited 1 branch of the dungeon, and saw 2 of its levels.

You collected 54 gold pieces.

Inventory:

Hand Weapons
 a - a +0 war axe (weapon)
Armour
 b - a +0 scale mail
 c - a +0 buckler (worn)
 i - a +0 plate armour (worn)
Scrolls
 g - 3 scrolls of identify {unknown}
Potions
 d - a potion of might
 e - a potion of brilliance {unknown}
 f - a potion of mutation {unknown}
 h - a potion of resistance {unknown}
 j - a potion of lignification {unknown}


   Skills:
 - Level 3.0 Fighting
 * Level 4.2 Axes
 - Level 3.2 Armour
 - Level 3.0 Shields


You had 2 spell levels left.
You didn't know any spells.
Your spell library contained the following spells:

 Spells                   Type           Power      Damage    Failure   Level
 Inner Flame              Hex/Fire       0%         N/A       100%        3
 Flame Wave               Conj/Fire      0%         2d4       100%        4
 Sticky Flame             Conj/Fire      0%         2d3       100%        4


Dungeon Overview and Level Annotations

Branches:
Dungeon (2/15)

Altars:

Annotations:
D:2 Sigmund


Innate Abilities, Weirdness & Mutations

You have a beak for a mouth.
You have claws for feet.


Message History

Found a stone staircase leading down.
A worm comes into view.
The worm moves out of view.
You hit the worm but do no damage. You claw the worm!
The worm is heavily wounded.
You hit the worm. You claw the worm, but do no damage.
The worm is heavily wounded.
The worm bites you.
You slash the worm!
You kill the worm!
No target in view!
No target in view!
No target in view!
No target in view!
No target in view!
No target in view!
No target in view!
No target in view!
Sigmund the Dreaded comes into view.
He is wielding a +0 scythe and carrying a wand of light (5).
Sigmund gestures at you while chanting.
You are confused.
Sigmund is nearby!
Sigmund is nearby!
Unknown command.
You bump into the rock wall.
Sigmund zaps a wand.
The bolt of light hits you.
You are more confused.
You bump into the rock wall.
Sigmund casts a spell.
Sigmund flickers and vanishes!
Deactivating autopickup; reactivate with Ctrl-A.
Something hits you but does no damage.
You bump into the rock wall.
You hear some strange, mumbled words.
A puff of flame appears from out of thin air!
The puff of flame hits you.
You hear a zap.
A bolt of light appears from out of thin air!
The bolt of light hits you!!
Ouch! That really hurt!
You die...

#.. #.# #.# #.# #.# #.#
#.# ###########.# #.#
#...........######.###
..#########.......... ..#
#.######.######. ..#
#.....@.........
..#################{######
..##............. ...
................. .....
#.##.....######## .#####
#.##.###.### .# ####
#.##.# #...# .# #...
#....# ###.# .# #. ##.##
###### #.### ... #...#


There were no monsters in sight!

Vanquished Creatures
  2 adders (D:2)
  A worm (D:2)
  2 endoplasms
  A goblin (D:1)
  3 hobgoblins
  2 kobolds (D:1)
  2 quokkas
  A ball python (D:1)
  3 bats
  2 frilled lizards (D:1)
  4 rats (D:1)
23 creatures vanquished.

Notes
Turn   | Place    | Note
-------+----------+-------------------------------------------
     0 | D:1      | Kurtz the Tengu Fighter began the quest for the Orb.
     0 | D:1      | Reached XP level 1. HP: 14/14 MP: 2/2
   113 | D:1      | Reached XP level 2. HP: 19/19 MP: 3/3
   115 | D:1      | Reached skill level 3 in Axes
   729 | D:2      | Reached XP level 3. HP: 23/23 MP: 4/4
   816 | D:2      | Reached skill level 4 in Axes
   946 | D:2      | Noticed Sigmund
   953 | D:2      | Killed from afar by Sigmund

Illustrated notes

Levels and vault maps discovered:
D:1:      eino_arrival_tree_alley, layout_basic
D:2:      layout_basic, uniq_sigmund

Skill      XL: |  1  2  3 |
---------------+----------+-----
Axes           | 3 4 |  4.2
Fighting       | |  3.0
Armour         | |  3.2
Shields        | |  3.0

Action                     || total
---------------------------++-------
  Melee: War axe           ||    50
         Kick              ||     9
         Peck              ||     5
 Armour: Scale mail        ||    22
         Plate armour      ||    15
  Dodge: Dodged            ||    10
  Block: Buckler           ||    14
